 Dungeon Crawl Stone Soup version 0.19-a0-1905-ge8b2aad (webtiles) character file.

10 Enish the Ducker (level 2, 0/14 HPs)
             Began as a Felid Abyssal Knight on Oct 21, 2016.
             Was an Initiate of Lugonu.
             Succumbed to an adder's poison
             ... on level 5 of the Dungeon.
             The game lasted 00:05:16 (978 turns).

Enish the Ducker (Felid Abyssal Knight)              Turns: 978, Time: 00:05:17

Health: 0/14       AC:  1    Str:  8      XL:     2   Next: 10%
Magic:  4/4        EV: 18    Int: 19 (20) God:    Lugonu [......]
Gold:   34         SH:  0    Dex: 15      Spells: 0 memorised, 1 level left
                                        Lives:  0   Deaths: 0

rFire  x . .     SeeInvis +       - Unarmed
rCold  + . .     Gourm    .     (armour unavailable)
rNeg   . . .     Faith    .     (shield unavailable)
rPois  .         Spirit   .     (helmet unavailable)
rElec  .         Reflect  .     (cloak unavailable)
rCorr  .         Harm     .     (gloves unavailable)
MR     .....                    (boots unavailable)
Stlth  +++.......               (no amulet)
                                d - ring "Vaul" {Wiz *Slow Int+4 SInv}
                                b - ring of ice

@: brilliant, lethally poisoned (0 -> -9), slowed, slow
A: no armour, no weapons or thrown items, stealth, claws 1, fangs 3, see
invisible, carnivore 3, dopey 1, speed 1, shaggy fur 1, slow metabolism 1, sharp
paws
a: Renounce Religion


You were on level 5 of the Dungeon.
You worshipped Lugonu.
Lugonu was noncommittal.
You were not hungry.

You visited 1 branch of the dungeon, and saw 5 of its levels.
You visited the Abyss 1 time.

You collected 34 gold pieces.

Inventory:

Jewellery
 b - a ring of ice (left paw)
 d - a ring "Vaul" (right paw) {Wiz *Slow Int+4 SInv}
   (You found it on level 3 of the Abyss)

   [ring of wizardry]

   It improves your spell success rate.
   It affects your intelligence (+4).
   It lets you see invisible.
   It may slow you when you take damage.
Comestibles
 a - 2 meat rations
 f - a slice of pizza


   Skills:
 - Level 3.0 Fighting
 - Level 3.2 Dodging
 * Level 2.7 Stealth
 - Level 2.0 Unarmed Combat
 - Level 1.7 Invocations


You had one spell level left.
You didn't know any spells.

Dungeon Overview and Level Annotations

Branches:
Dungeon (4/15)
 Temple: D:4-7

Altars:
Qazlal

Annotations:
D:3 exclusion: upstairs
D:5 Eustachio, Prince Ribbit


Innate Abilities, Weirdness & Mutations

You cannot wear armour.
You are incapable of wielding weapons or throwing items.
Your paws allow you to move quietly. (Stealth)
You have sharp claws.
You have razor-sharp teeth.
You have supernaturally acute eyesight. (SInv)
You are carnivorous and can eat meat at any time.
You cover ground quickly.
You are covered in fur. (AC +1)
You have a slow metabolism.
Your sharp claws are effective at attacking unaware monsters.
You are dopey. (Int -2)


Message History

Eustachio blinks!
Prince Ribbit blinks!
The adder closely misses you.
Prince Ribbit blinks!
Found a chain mail.
A sky beast comes into view.
Prince Ribbit blinks!
The sky beast flickers out of sight for a moment.
The sky beast completely misses you.
Your magical contamination has completely faded away.
You open the door. The adder bites you.
You feel yourself slow down.
You are poisoned.
The adder poisons you! The sky beast hits you. The sky beast shocks you.
You feel sick. The adder bites you but does no damage.
There is an open door here.
* * * LOW HITPOINT WARNING * * *
You feel sick. The adder misses you.
* * * LOW HITPOINT WARNING * * *
You feel sick. The adder bites you.
* * * LOW HITPOINT WARNING * * *
You die...

#.......................
#.................##...#
#.................###+##
#..h....................
###h######..............
#.......##..............
#....Y...[.............#
#.....S.#######...##...#
#......@# #...# ...#
#........# #...# ...
#.......## #...'
#########


You could see a sky beast (invisible), an adder and 2 jackals.

Vanquished Creatures
  An adder (D:2)
  A hobgoblin (D:1)
2 creatures vanquished.

Notes
Turn   | Place    | Note
-------+----------+-------------------------------------------
     0 | Abyss:1  | Enish the Felid Abyssal Knight began the quest for the Orb.
     0 | Abyss:1  | Reached XP level 1. HP: 10/10 MP: 3/3
    99 | Abyss:3  | Found a corrupted altar of Lugonu.
   100 | Abyss:3  | Noticed a raiju
   101 | Abyss:3  | Noticed a raiju
   101 | Abyss:3  | Noticed a raiju
   139 | Abyss:3  | Noticed a small abomination
   142 | Abyss:3  | Noticed a small abomination
   145 | Abyss:3  | Noticed a neqoxec
   147 | Abyss:3  | Noticed a neqoxec
   151 | Abyss:3  | Noticed a large abomination
   152 | Abyss:3  | Noticed a smoke demon
   165 | Abyss:3  | Noticed an ancient zyme
   173 | Abyss:3  | Noticed a starcursed mass
   177 | Abyss:3  | Got a coiled marble ring
   178 | D:1      | Escaped the Abyss
   179 | D:1      | Identified a ring "Vaul" {Wiz *Slow Int+4 SInv} (You found it on level 3 of the Abyss)
   221 | D:1      | Gained mutation: You are dopey. (Int -2) [mutagenic glow]
   480 | D:2      | Reached XP level 2. HP: 2/14 MP: 4/4
   845 | D:3      | Found a stormy altar of Qazlal.
   854 | D:3      | You fall through a shaft for 2 floors!
   854 | D:5      | Entered Level 5 of the Dungeon
   854 | D:5      | Noticed a crimson imp
   917 | D:5      | Noticed Prince Ribbit
   931 | D:5      | Noticed Eustachio
   962 | D:5      | Noticed a sky beast
   978 | D:5      | Succumbed to an adder's poison

Vault maps used:
D:1:      lemuel_arrival_behind_the_door_small
D:2:      grunt_gozag_statues, first_bread
D:3:      grunt_qazlal_sundering, nicolae_overflow_crystal_walls,
          hangedman_feature_mirror, nicolae_tso_swordbearing_angel, uniq_robin
D:4:      serial_shops, shop, nicolae_ossuary_entry_monument
D:5:      old_standard_altar, minmay_fountain_box, serial_park_tiny_1,
          hangedman_decor_slide_cut, minmay_liquid_box, goddamned_bats,
          uniq_prince_ribbit1, uniq_eustachio
Abyss:2:  evilmike_abyss_exit_15
Abyss:3:  evilmike_abyss_exit_vortex, hangedman_abyss_or_decor_stagger,
          grunt_abyss_rune_wretched_hive, hangedman_steaming_rock

Skill      XL: |  1 |
---------------+----+-----
Stealth        | 2 |  2.7
Fighting       | |  3.0
Dodging        | |  3.2
Unarmed Combat | |  2.0
Invocations    | |  1.7

Action                   || total
-------------------------++-------
Melee: Unarmed           ||    15
       Bite              ||     1
Invok: Depart the Abyss  ||     1
  Use: Potion            ||     3
       Scroll            ||     2
 Stab: Sleeping          ||     1
Armor: Skin              ||     3
Dodge: Dodged            ||    21
